 Dungeon Crawl Stone Soup version 0.27.1-34-g3ba077fa99 (webtiles) character file.

Game seed: 5647719013624996340

205 pkoi the Conjurer (level 5, -2/38 HPs)
             Began as a Draconian Conjurer on Jan 24, 2022.
             Slain by a centaur (3 damage)
             ... on level 3 of the Dungeon.
             The game lasted 00:03:36 (3182 turns).

pkoi the Conjurer (Draconian Conjurer)              Turns: 3182, Time: 00:03:36

Health: -2/38      AC:  5    Str: 10    XL:     5   Next: 52%
Magic:  8/8        EV: 12    Int: 19    God:
Gold:   129        SH:  0    Dex:  9    Spells: 5/8 levels left

rFire    . . .     SeeInvis .   i - staff of air
rCold    . . .     Faith    .   (no shield)
rNeg     . . .     Spirit   .   (armour unavailable)
rPois    .         Reflect  .   (helmet restricted)
rElec    +         Harm     .   e - scarf {repulsion}
rCorr    .         Rampage  .   (no gloves)
Will     .....                  (no boots)
Stlth    ++........             (no amulet)
HPRegen  0.12/turn              j - +4 ring of slaying
MPRegen  0.11/turn              (no ring)

@: attractive, repel missiles
A: AC +5, unfitting armour, cold-blooded
a: no special abilities


You were on level 3 of the Dungeon.
You visited 1 branch of the dungeon, and saw 4 of its levels.

You collected 129 gold pieces.

Inventory:

Hand Weapons
 c - a +0 short sword
Missiles
 d - 11 boomerangs
Armour
 e - a scarf of repulsion (worn)
Magical Staves
 i - a staff of air (weapon)
Jewellery
 j - a +4 ring of slaying (left hand)
Wands
 k - a wand of polymorph (13)
Scrolls
 g - a scroll of fear {unknown}
 h - a scroll of identify {unknown}
 l - a scroll of teleportation {unknown}
 n - a scroll of enchant armour {unknown}
Potions
 a - a potion of curing {unknown}
 b - a potion of degeneration {unknown}
 f - 2 potions of attraction
 m - a potion of might {unknown}


   Skills:
 - Level 1.7 Dodging
 - Level 1.7 Stealth
 - Level 2.0 Spellcasting
 + Level 6.0 Conjurations
 + Level 3.0 Evocations


You had 5 spell levels left.
You knew the following spells:

 Your Spells              Type           Power      Damage    Failure   Level
a - Magic Dart            Conj           96%        1d7       1%          1
b - Searing Ray           Conj           48%        3d5       2%          2

Your spell library contained the following spells:

 Spells                   Type           Power      Damage    Failure   Level
 Dazzling Flash           Conj/Hex       26%        N/A       14%         3
 Fulminant Prism          Conj/Hex       6%         3d7       43%         4
 Iskenderun's Mystic Bla  Conj/Tloc      13%        2d5       43%         4


Dungeon Overview and Level Annotations

Branches:
Dungeon (4/15)
 Temple: D:4-7

Altars:
Fedhas

Annotations:
D:3 exclusion: oklob plant


Innate Abilities, Weirdness & Mutations

Your plain brown scales are hard. (AC +5)
You cannot fit into any form of body armour.
You are cold-blooded and may be slowed by cold attacks.


Message History

Aiming: Searing Ray (safe; 2% risk of failure)
Press: ? - help, Shift-Dir - straight line, f - worm
Aim: a worm (93% to hit)
The searing ray hits the worm.
The worm is moderately wounded.
The searing ray hits the hobgoblin!
You kill the hobgoblin! (Press . to maintain the ray.)
The searing ray hits the worm!
The worm is almost dead.
The searing ray hits the worm!
You kill the worm!
You start resting.
Magic restored.
You start resting.
A centaur is nearby!
A centaur is nearby!
A centaur is nearby!
A centaur is nearby!
The centaur shouts!
The centaur unwields a +0 dagger of venom.
It stops dripping with poison.
The centaur wields a +0 vorpal shortbow.
The centaur shoots an arrow.
The arrow hits you!
The centaur shoots an arrow.
The arrow hits you!
* * * LOW HITPOINT WARNING * * *
x2 The centaur shoots an arrow.
The arrow barely misses you.
The centaur shoots an arrow.
The arrow hits you!
* * * LOW HITPOINT WARNING * * *
x2 The centaur unwields a +0 vorpal shortbow.
The centaur wields a +0 dagger of venom.
It begins to drip with poison!
The centaur barely misses you. The centaur closely misses you.
The centaur hits you with a +0 dagger of venom.
* * * LOW HITPOINT WARNING * * *
The centaur kicks you but does no damage.
It was a potion of attraction.
You feel attractive to monsters.
The centaur hits you with a +0 dagger of venom.
You die...

.>....(.......# ##.#
###.#.........# #.#
###.####....(.# #.#
.#..####......# #.#
..............## #.# .
................###.# ###.#
..###########.#....†##....##
#.# #.##............ #.#
###.##@........... #.#
###....c.##.######## #)#
#.>.###.....# #.# ####.###
##.#..).#
#.####....######(##.#...#
.[......................(..
#÷#############.###.######.
#<# . #.. #.# ##.


You could see a centaur.

Vanquished Creatures
  A water moccasin skeleton (D:3)
  An orc priest (D:3)
  A hound (D:4)
  Jessica (D:3)
  A worm (D:3)
  3 dart slugs
  3 orcs (D:3)
  3 ball pythons
  6 bats
  6 endoplasms
  4 giant cockroaches
  4 goblins
  7 hobgoblins
  6 jackals
  2 frilled lizards (D:3)
  3 kobolds
  6 rats
58 creatures vanquished.

Vanquished Creatures (others)
  8 fungi (D:3)
  15 plants (D:3)
23 creatures vanquished.

Grand Total: 81 creatures vanquished

Notes
Turn   | Place    | Note
-------+----------+-------------------------------------------
     0 | D:1      | pkoi the Draconian Conjurer began the quest for the Orb.
     0 | D:1      | Reached XP level 1. HP: 14/14 MP: 3/3
   373 | D:1      | Reached XP level 2. HP: 14/20 MP: 5/5
  1529 | D:2      | Reached skill level 5 in Conjurations
  1529 | D:2      | Reached XP level 3. HP: 26/26 MP: 1/6
  1823 | D:2      | You fall into a shaft and drop 2 floors!
  1917 | D:4      | Reached skill level 1 in Evocations
  1957 | D:4      | Noticed a black bear
  1966 | D:4      | Learned a level 2 spell: Searing Ray
  2057 | D:3      | Reached XP level 4. HP: 22/33 MP: 3/7
  2160 | D:3      | Noticed a centaur
  2217 | D:3      | Noticed Jessica
  2220 | D:3      | Killed Jessica
  2221 | D:3      | Reached XP level 5. HP: 38/38 MP: 4/8
  2982 | D:3      | Found a blossoming altar of Fedhas.
  3033 | D:3      | Noticed an oklob plant
  3094 | D:3      | Reached skill level 6 in Conjurations
  3181 | D:3      | HP: 1/38 [centaur (1)]
  3182 | D:3      | Slain by a centaur

Illustrated notes

Levels and vault maps discovered:
D:1:      heliophobic_arrival_ceremonial_halls, layout_basic
D:2:      layout_loops_ring
D:3:      layout_rooms, bloody_makhleb, tgw_fedhas, uniq_jessica
D:4:      layout_loops_ring, marbit_many_paths, yredelemnul_altar_generic,
          uniq_eustachio

Skill      XL: |  1  2  3  4  5 |
---------------+----------------+-----
Conjurations   | 5 6 |  6.0
Evocations     | 2 3 |  3.0
Dodging        | |  1.7
Stealth        | |  1.7
Spellcasting   | |  2.0

Action                   |  1- 3 |  4- 6 || total
-------------------------+-------+-------++-------
Melee: Unarmed           |    25 |       ||    25
       Tailslap          |     4 |     4 ||     8
       Short sword       |    14 |       ||    14
       Staff             |    16 |    40 ||    56
 Cast: Magic Dart        |    49 |    30 ||    79
       Searing Ray       |       |     2 ||     2
  Use: Potion            |       |     1 ||     1
 Stab: Sleeping          |       |     1 ||     1
Armor: Skin              |    21 |    18 ||    39
Dodge: Dodged            |    52 |    34 ||    86
       Repelled          |     1 |       ||     1
